 Dungeon Crawl Stone Soup version 0.31.0-32-g396128a36d (webtiles) character file.

Game seed: 6601755456663567537

406 imdaedric the Conjurer (level 6, -4/35 HPs)
             Began as a Deep Elf Conjurer on Apr 21, 2024.
             Was an Initiate of Vehumet.
             Slain by an orc warrior
             ... wielding a +0 halberd
              (12 damage)
             ... on level 4 of the Dungeon.
             The game lasted 00:07:06 (3803 turns).

imdaedric the Conjurer (Deep Elf Conjurer)          Turns: 3803, Time: 00:07:06

Health: -4/35      AC:  3    Str:  4    XL:     6   Next: 56%
Magic:  15/15      EV: 12    Int: 25    God:    Vehumet [......]
Gold:   117        SH:  0    Dex: 13    Spells: 11/14 levels left

rFire   + + .        (no weapon)
rCold   . . .        (no shield)
rNeg    . . .        a - +1 robe
rPois   .            (no helmet)
rElec   .            (no cloak)
rCorr   +            (no gloves)
SInv    .            (no boots)
Will    ++...        (no amulet)
Stlth   +++          n - ring "Baisk" {rF++ Will+ rCorr Stlth+}
HPRegen 0.25/turn    d - ring of willpower
MPRegen 0.14/turn

%: no passive effects
@: no status effects
A: no striking features
a: Renounce Religion


You were on level 4 of the Dungeon.
You worshipped Vehumet.
Vehumet was noncommittal.
You visited 2 branches of the dungeon, and saw 5 of its levels.

You collected 117 gold pieces.

Inventory:

Armour
 a - a +1 robe (worn)
 p - a +0 cloak
Jewellery
 d - a ring of willpower (right hand)
 f - a +4 ring of protection
 h - a ring of ice
 n - the ring "Baisk" (left hand) {rF++ Will+ rCorr Stlth+}
   (You found it on level 4 of the Dungeon)

   [ring of willpower]

   rF++:      It greatly protects you from fire.
   Will+:     It increases your willpower.
   rCorr:     It protects you from acid and corrosion.
   Stlth+:    It makes you more stealthy.
 o - a ring of protection from cold
Wands
 l - a wand of paralysis (12)
Scrolls
 i - a scroll of noise
 j - a scroll of brand weapon
Potions
 b - a potion of magic
 c - 2 potions of ambrosia {unknown}
 e - a potion of heal wounds {unknown}
 g - 2 potions of curing
 k - a potion of brilliance {unknown}
 m - a potion of degeneration {unknown}


   Skills:
 + Level 2.2 Fighting
 - Level 2.4 Dodging
 - Level 2.4 Stealth
 + Level 4.8 Spellcasting
 + Level 5.5 Conjurations
 + Level 3.1 Translocations
 + Level 3.0 Alchemy


You had 11 spell levels left.
You knew the following spells:

 Your Spells              Type           Power      Damage    Failure   Level
a - Magic Dart            Conj           100%       1d8       1%          1
z - Searing Ray           Conj           66%        2d6       1%          2

Your spell library contained the following spells:

 Spells                   Type           Power      Damage    Failure   Level
 Fulminant Prism          Conj/Alch      13%        3d9       14%         4
 Iskenderun's Mystic Bla  Conj/Tloc      27%        2d7       14%         4


Dungeon Overview and Level Annotations

Branches:
Dungeon (4/15)             Temple (1/1) D:4

Altars:
Ashenzari
Dithmenos
Gozag
Hepliaklqana
Kikubaaqudgha
Makhleb
Nemelex Xobeh
Okawaru
Qazlal
Sif Muna
Vehumet
Xom
Zin

Shops:
D:2 !


Message History

There is a staircase to the Ecumenical Temple here.
Casting: Searing Ray (safe; 1% risk of failure)
Confirm with . or Enter, or press ? or * to list all spells.
Aiming: Searing Ray (safe; 1% risk of failure)
Press: ? - help, Shift-Dir - straight line, f - scorpion
Aim: a scorpion (81% to hit)
Okay, then.
The giant cockroach bites you but does no damage.
The scorpion stings you. The orc warrior misses you.
The giant cockroach bites you. The scorpion attacks as it pursues you!
The scorpion stings you but does no damage.
The orc attacks as it pursues you! The orc barely misses you.
The giant cockroach attacks as it pursues you!
The giant cockroach closely misses you. The scorpion attacks as it pursues you!
The scorpion stings you but does no damage.
The orc warrior attacks as it pursues you!
The orc warrior hits you from afar with a +0 halberd!
The orc warrior attacks as it pursues you!
The orc warrior hits you from afar with a +0 halberd!
The scorpion stings you.
* * * LOW HITPOINT WARNING * * *
You are lethally poisoned!
The scorpion poisons you! The giant cockroach bites you.
* * * LOW HITPOINT WARNING * * *
The orc attacks as it pursues you! The orc hits you but does no damage.
Okay, then.
You feel better. The giant cockroach misses you.
The scorpion closely misses you.
The orc warrior hits you from afar with a +0 halberd.
* * * LOW HITPOINT WARNING * * *
Found a glowing short sword.
The orc attacks as it pursues you! The orc hits you with a +0 dagger.
* * * LOW HITPOINT WARNING * * *
The scorpion attacks as it pursues you! The scorpion misses you.
The orc hits you but does no damage. The orc attacks as it pursues you!
The orc barely misses you. The scorpion misses you.
The orc warrior attacks as it pursues you!
The orc warrior hits you from afar with a +0 halberd!
You die...

..........).........#
........#..⌠...⌠..#.##
........#./.......#......#
.............>......#....#
≈≈......#.........###....##
.≈......#..⌠...⌠).#......$.
.≈..#....oB................
.≈# ##..#os.......#........
. #####@##.##.##..).....
#...##.##....o......
#.........#.........
#.>.....###.........
###.......#...........
............#.........
#.....................
#.......................
#..^............(†......


You could see an orc warrior, a scorpion, an orc and a giant cockroach.

Vanquished Creatures
  2 bombardier beetles
  An orc priest (D:3)
  Ijyb (D:3)
  12 gnolls
  8 adders
  2 dart slugs (D:2)
  3 orcs
  3 endoplasms
  A giant cockroach (D:3)
  10 goblins
  9 hobgoblins
  10 jackals
  3 quokkas
  8 ball pythons
  4 bats
  3 frilled lizards
  4 kobolds
  7 rats
91 creatures vanquished.

Notes
Turn   | Place    | Note
-------+----------+-------------------------------------------
     0 | D:1      | imdaedric the Deep Elf Conjurer began the quest for the
                  | Orb.
     0 | D:1      | Reached XP level 1. HP: 10/10 MP: 6/6
   269 | D:1      | Reached XP level 2. HP: 16/16 MP: 2/8
   272 | D:1      | Learned a level 2 spell: Searing Ray
   531 | D:1      | Reached skill level 1 in Alchemy
   538 | D:1      | Reached skill level 1 in Translocations
   993 | D:1      | Reached XP level 3. HP: 20/20 MP: 6/9
  1438 | D:2      | Reached skill level 1 in Fighting
  1543 | D:2      | Reached XP level 4. HP: 25/25 MP: 5/11
  1887 | D:2      | Found a broken altar of Ashenzari.
  1987 | D:2      | Reached skill level 5 in Conjurations
  2204 | D:2      | Found Yggahic's Distillery.
  2303 | D:3      | Noticed Ijyb
  2308 | D:3      | Killed Ijyb
  2309 | D:3      | Reached XP level 5. HP: 29/29 MP: 7/13
  2775 | D:3      | Reached XP level 6. HP: 35/35 MP: 6/14
  3434 | D:4      | Identified the ring "Baisk" {rF++ Will+ rCorr Stlth+}
  3540 | D:4      | Found a staircase to the Ecumenical Temple.
  3546 | D:4      | Noticed an orc warrior
  3558 | Temple   | Entered the Ecumenical Temple
  3658 | Temple   | Became a worshipper of Vehumet
  3803 | D:4      | Slain by an orc warrior

Illustrated notes

Levels and vault maps discovered:
D:1:      mushboom_english_gardens, layout_loops_ring, serial_bayou_pond_a
D:2:      layout_rooms, basic_altar, serial_shops, nicolae_shop_window_shopping,
          columned_hall_lemuel, minmay_between
D:3:      layout_rooms, minmay_misc_feat_secret_circle, uniq_ijyb
D:4:      layout_rooms, minmay_temple_entry_large_hall, serial_rivers,
          chequers_serial_rivers_micro_d, chequers_serial_rivers_small_3,
          chequers_serial_rivers_micro_e, chequers_serial_rivers_micro_c,
          chequers_serial_rivers_micro_b, uniq_menkaure
Temple:   hellmonk_temple_forest_ring

Skill      XL: |  1  2  3  4  5  6 |
---------------+-------------------+-----
Alchemy        | 1 2 3 |  3.0
Translocations | 1 2 3 |  3.1
Fighting       | 1 2 |  2.2
Spellcasting   | 4 |  4.8
Conjurations   | 5 |  5.5
Dodging        | |  2.4
Stealth        | |  2.4

Action                     |  1- 3 |  4- 6 || total
---------------------------+-------+-------++-------
   Cast: Magic Dart        |    56 |    89 ||   145
         Searing Ray       |     7 |    15 ||    22
    Use: Scroll            |     3 |     3 ||     6
         Potion            |       |     1 ||     1
 Armour: Robe              |     3 |    29 ||    32
  Dodge: Dodged            |     3 |    21 ||    24
